 Dungeon Crawl Stone Soup version 0.20-a0-313-g10ed074 (webtiles) character file.

2657 Junicave the Geomancer (level 9, -4/53 HPs)
             Began as a Gargoyle Earth Elementalist on Dec 20, 2016.
             Was a Follower of Vehumet.
             Slain by a yak (11 damage)
             ... on level 10 of the Dungeon.
             The game lasted 00:45:40 (11347 turns).

Junicave the Geomancer (GrEE)                      Turns: 11347, Time: 00:45:40

Health: -4/53      AC: 17    Str: 12    XL:     9   Next: 62%
Magic:  1/17       EV: 11    Int: 19    God:    Vehumet [*.....]
Gold:   34         SH:  4    Dex: 10    Spells: 8/19 levels left

rFire  + . .     SeeInvis .     a - +0 morningstar (protect)
rCold  x . .     Gourm    .     n - +3 leather armour
rNeg   + . .     Faith    .     (no shield)
rPois  ∞         Spirit   .     D - +2 helmet
rElec  +         Reflect  +     u - +0 cloak
rCorr  .         Harm     .     v - +0 pair of gloves
MR     .....                    (no boots)
Stlth  ++........               w - +4 amulet of reflection
                                (no ring)
                                y - ring of fire

@: no status effects
A: negative energy resistance 1, electricity resistance, unbreathing,
petrification resistance, rot immunity, AC +5
a: Renounce Religion


You were on level 10 of the Dungeon.
You worshipped Vehumet.
Vehumet was aware of your devotion.
You were hungry.

You visited 1 branch of the dungeon, and saw 8 of its levels.

You collected 347 gold pieces.
You spent 313 gold pieces at shops.

Inventory:

Hand Weapons
 a - a +0 morningstar of protection (weapon)
 b - a +4 mace
Missiles
 N - 328 stones (quivered)
Armour
 n - a +3 leather armour (worn)
 s - a +2 robe of resistance
 u - a +0 cloak (worn)
 v - a +0 pair of gloves (worn)
 D - a +2 helmet (worn)
Jewellery
 w - a +4 amulet of reflection (around neck)
 y - a ring of fire (left hand)
Wands
 B - a wand of slowing (21/48)
 H - a wand of iceblast (3/15)
 K - a wand of disintegration (3/24)
 M - a wand of slowing (11/48)
Scrolls
 g - a scroll of enchant weapon
 h - 2 scrolls of blinking {unknown}
 i - a scroll of amnesia {unknown}
 k - 2 scrolls of random uselessness {unknown}
 m - 2 scrolls of teleportation {unknown}
 p - 3 scrolls of remove curse
 t - 3 scrolls of enchant armour
 J - a scroll of immolation {unknown}
 L - a scroll of fog
Potions
 f - a potion of ambrosia {unknown}
 j - a potion of heal wounds {unknown}
 l - a potion of brilliance {unknown}
 o - a potion of agility {unknown}
 x - a potion of resistance {unknown}
 z - a potion of flight {unknown}
 F - a potion of experience {unknown}
 G - 2 potions of lignification
 I - 2 potions of cancellation
Books
 c - a book of Cantrips

   Spells                             Type                      Level
   a - Confusing Touch                Hexes                        1
   b - Animate Skeleton               Necromancy                   1
   c - Summon Small Mammal            Summoning                    1
   d - Apportation                    Translocation                1
 e - a book of Geomancy

   Spells                             Type                      Level
   a - Sandblast                      Earth                        1
   b - Passwall                       Transmutation/Earth          2
   c - Stone Arrow                    Conjuration/Earth            3
   d - Petrify                        Transmutation/Earth          4
   e - Lee's Rapid Deconstruction     Earth                        5
Comestibles
 d - 6 bread rations
 r - a royal jelly
 A - 4 fruits


   Skills:
 + Level 4.8 Fighting
 + Level 4.0 Maces & Flails
 + Level 4.5 Armour
 - Level 1.5 Dodging
 - Level 2.1 Stealth
 * Level 5.7 Spellcasting
 + Level 5.0 Conjurations
   Level 0.7 Transmutations
 + Level 8.0 Earth Magic
 + Level 2.7 Evocations


You had 8 spell levels left.
You knew the following spells:

 Your Spells              Type           Power        Failure   Level  Hunger
a - Sandblast             Erth           #####.       1%          1    None
b - Stone Arrow           Conj/Erth      ####..       3%          3    ##.....
c - Lee's Rapid Deconstr  Erth           #####.....   17%         5    #####..
d - Magic Dart            Conj           ###.         1%          1    None
e - Shock                 Conj/Air       ###.         8%          1    None


Dungeon Overview and Level Annotations

Branches:
Dungeon (7/15)             Temple (0/1) D:4

Altars:
Ashenzari
Fedhas
Kikubaaqudgha
Okawaru
Qazlal
Vehumet
Xom

Shops:
D:6 *


Innate Abilities, Weirdness & Mutations

You are resistant to torment.
Your stone body is resilient. (AC +5)
You are immune to poison.
You resist negative energy. (rN+)
You are resistant to electric shocks. (rElec)
You can survive without breathing.
You are immune to petrification.
You are immune to rotting.


Message History

Press: ? - help, Shift-Dir - straight line, f/p - yak
Aim: a yak (blue smoke, almost dead)
The stone arrow hits the yak.
The yak is heavily wounded.
You are feeling hungry.
The yak gores you but does no damage. The yak closely misses you.
The yak gores you but does no damage. x2
Evoke which item? (* to show all) (? for menu, Esc to quit)
Zapping:
K - a wand of disintegration (?/24) {zapped: 7} (will waste charges)
Press: ? - help, Shift-Dir - straight line, f/p - yak
Aim: a yak (blue smoke, almost dead, chance to defeat MR: 73%)
The yak struggles to resist.
Evoking this partially-identified wand wasted a few charges.
The yak gores you.
* * * LOW HITPOINT WARNING * * *
The yak gores you!
* * * LOW HITPOINT WARNING * * *
You block the yak's attack.
You feel better. The yak gores you!
You die...

#...# #.Y.# #...#
#...# #...# #
#...#########.###
#.....§§§........
#.....YY§......##
#....†§@Y§.....#
#..#########?..#
#..# ...# #..#
..# ... .# ... .#
...


You could see 3 yaks.

Vanquished Creatures
  Pikel (D:5)
  Grinder (D:4)
  Prince Ribbit (D:6)
  Sigmund (D:3)
  2 yaks (D:10)
  An ice beast (D:6)
  A sky beast (D:5)
  3 ogres (D:6)
  2 centaurs
  A bullfrog (D:4)
  4 scorpions
  A hound (D:4)
  2 orc priests
  An orc wizard (D:5)
  Jessica (D:3)
  3 worker ants
  An iguana (D:4)
  A killer bee zombie (D:5)
  A hound zombie (D:7)
  A mummy (D:5)
  Robin (D:4)
  10 adders
  2 adder skeletons
  4 worms
  6 dart slugs
  3 leopard geckos
  14 orcs
  10 giant cockroaches
  16 goblins
  11 hobgoblins
  13 jackals
  9 kobolds
  A quokka (D:6)
  4 ball pythons
  12 bats
  7 frilled lizards
  3 hobgoblin zombies (D:5)
  2 leopard gecko skeletons
  An orc zombie (D:5)
  6 rats
165 creatures vanquished.

Vanquished Creatures (others)
  Blork the orc (D:6)
  A crimson imp (D:6)
  2 hounds (D:6)
  An orc (D:6)
  2 jackals (D:6)
7 creatures vanquished.

Grand Total: 172 creatures vanquished

Notes
Turn   | Place    | Note
-------+----------+-------------------------------------------
     0 | D:1      | Junicave the Gargoyle Earth Elementalist began the quest for the Orb.
     0 | D:1      | Reached XP level 1. HP: 10/10 MP: 3/3
   187 | D:1      | Reached XP level 2. HP: 15/15 MP: 1/5
   235 | D:1      | Reached skill level 4 in Earth Magic
   643 | D:1      | Reached XP level 3. HP: 16/20 MP: 0/6
  1353 | D:1      | Reached skill level 1 in Maces & Flails
  1372 | D:1      | Learned a level 3 spell: Stone Arrow
  1483 | D:2      | Found a stormy altar of Qazlal.
  1836 | D:2      | Reached skill level 1 in Fighting
  1836 | D:2      | Reached XP level 4. HP: 19/25 MP: 0/7
  2128 | D:2      | Reached skill level 1 in Armour
  2677 | D:3      | Noticed Sigmund
  2760 | D:2      | Reached skill level 5 in Earth Magic
  2777 | D:3      | Noticed Jessica
  2812 | D:2      | Reached skill level 1 in Conjurations
  3091 | D:3      | Reached XP level 5. HP: 9/30 MP: 0/8
  3908 | D:3      | Killed Jessica
  4130 | D:3      | Reached XP level 6. HP: 35/35 MP: 3/10
  4189 | D:3      | Learned a level 5 spell: Lee's Rapid Deconstruction
  4478 | D:3      | Found a faded altar of an unknown god.
  4643 | D:4      | Found a blossoming altar of Fedhas.
  4644 | D:4      | Found an iron altar of Okawaru.
  4644 | D:4      | Found a shattered altar of Ashenzari.
  4645 | D:4      | Found an ancient bone altar of Kikubaaqudgha.
  5016 | D:4      | Noticed Robin
  5694 | D:4      | Reached skill level 6 in Earth Magic
  5766 | D:4      | Found a radiant altar of Vehumet.
  5766 | D:4      | Found a shimmering altar of Xom.
  5769 | D:4      | Became a worshipper of Vehumet
  5789 | D:4      | Found a staircase to the Ecumenical Temple.
  6269 | D:4      | Noticed Grinder
  6278 | D:4      | Paralysed by Grinder for 4 turns
  6291 | D:4      | Paralysed by Grinder for 7 turns
  6299 | D:4      | Paralysed by Grinder for 5 turns
  6305 | D:4      | Killed Grinder
  6305 | D:4      | Reached XP level 7. HP: 14/40 MP: 0/11
  6683 | D:4      | Found a staircase to the Ecumenical Temple.
  6813 | D:4      | Killed Robin
  7121 | D:4      | Found an iron altar of Okawaru.
  7122 | D:4      | Found a blossoming altar of Fedhas.
  7123 | D:4      | Found a shattered altar of Ashenzari.
  7124 | D:4      | Found an ancient bone altar of Kikubaaqudgha.
  7485 | D:5      | Entered Level 5 of the Dungeon
  7668 | D:3      | Found a faded altar of an unknown god.
  7859 | D:3      | Killed Sigmund
  7859 | D:3      | Reached skill level 7 in Earth Magic
  7859 | D:3      | Reached XP level 8. HP: 46/46 MP: 0/13
  8196 | D:5      | Reached * piety under Vehumet
  8196 | D:5      | Offered knowledge of Magic Dart by Vehumet.
  8199 | D:5      | Learned a level 1 spell: Magic Dart
  8304 | D:5      | Reached skill level 1 in Evocations
  9825 | D:6      | Noticed Pikel
  9904 | D:5      | Killed Pikel
  9904 | D:5      | Reached skill level 5 in Spellcasting
  9904 | D:5      | Reached XP level 9. HP: 23/52 MP: 5/16
 10242 | D:6      | Noticed Prince Ribbit
 10249 | D:6      | Killed Prince Ribbit
 10279 | D:6      | Killed Blork the orc
 10336 | D:6      | Found Geuwk's General Store.
 10346 | D:6      | Bought a scroll of enchant weapon for 82 gold pieces
 10346 | D:6      | Bought a +3 leather armour for 209 gold pieces
 10346 | D:6      | Bought a scroll of fog for 22 gold pieces
 11119 | D:6      | Offered knowledge of Shock by Vehumet.
 11125 | D:6      | Learned a level 1 spell: Shock
 11290 | D:7      | You fall through a shaft for 3 floors!
 11290 | D:10     | Entered Level 10 of the Dungeon
 11328 | D:10     | Reached skill level 5 in Conjurations
 11328 | D:10     | Reached skill level 8 in Earth Magic
 11337 | D:10     | HP: 1/53 [yak (9)]
 11346 | D:10     | HP: 2/53 [yak (7)]
 11347 | D:10     | Slain by a yak

Vault maps used:
D:1:      minmay_arrival_doors
D:2:      grunt_qazlal_sundering, first_bread
D:3:      chequers_ecumenical_altar_simple_redux, uniq_jessica, uniq_sigmund
D:4:      gammafunk_temple_overflow_elements,
          chequers_temple_overflow_statue_of_worship, uniq_grinder, uniq_robin
D:5:      serial_co_window_serial, co_window_paths_a, co_window_paths_a,
          co_window_cross_1, co_window_of_opportunity_a, co_window_paths_b,
          co_window_corner_a, co_window_paths_a, co_window_2corner,
          co_window_broadway_c, co_window_corner_b, co_window_corner_cb,
          co_window_broadway_c, co_window_unsneaky_path_d, glass_columns_c,
          glass_columns_a, glass_columns_b, glass_columns_a, glass_columns_b,
          minmay_mini_ossuary
D:6:      serial_shops, shop, minmay_checkerbox, uniq_prince_ribbit1,
          uniq_pikel, uniq_blork_the_orc
D:10:     hangedman_ranch

Skill      XL: |  1  2  3  4  5  6  7  8  9 |
---------------+----------------------------+-----
Earth Magic    | 4 5 6 7 8 |  8.0
Maces & Flails | 1 2 3 4 |  4.0
Fighting       | 1 2 3 4 |  4.8
Armour         | 1 2 4 |  4.5
Conjurations   | 1 2 3 4 5 |  5.0
Spellcasting   | 3 5 |  5.7
Evocations     | 2 |  2.7
Dodging        | |  1.5
Stealth        | |  2.1
Transmutations | |  0.7

Action                   |  1- 3 |  4- 6 |  7- 9 || total
-------------------------+-------+-------+-------++-------
Melee: Mace              |    37 |    67 |    39 ||   143
       Flail             |       |    27 |    70 ||    97
       Morningstar       |       |       |    13 ||    13
 Cast: Sandblast         |    79 |   141 |    56 ||   276
       Stone Arrow       |       |     6 |    50 ||    56
       Magic Dart        |       |       |    11 ||    11
Evoke: Wand              |       |       |     4 ||     4
  Use: Scroll            |       |       |     8 ||     8
       Potion            |       |       |     2 ||     2
 Stab: Sleeping          |     1 |       |     1 ||     2
  Eat: Chunk             |     4 |    12 |    14 ||    30
       Beef jerky        |       |     1 |       ||     1
       Pizza             |       |       |     1 ||     1
       Meat ration       |       |       |     1 ||     1
Armor: Robe              |    51 |     4 |       ||    55
       Leather armour    |       |    79 |    88 ||   167
       Ring mail         |       |       |    17 ||    17
Dodge: Dodged            |    78 |   127 |   112 ||   317
Block: Other             |       |     9 |    39 ||    48
